 Dungeon Crawl Stone Soup version 0.28.0-53-g5a82cb258f (webtiles) character file.

Game seed: 1571646764844834692

46 Nyth the Magician (level 3, -10/25 HPs)
             Began as a Djinni Fire Elementalist on Aug 8, 2022.
             Killed by divine providence
             ... invoked by an orc priest
              (13 damage)
             ... on level 3 of the Dungeon.
             The game lasted 00:17:59 (3457 turns).

Nyth the Magician (Djinni Fire Elementalist)        Turns: 3457, Time: 00:17:59

Health: -10/25     AC:  7    Str:  7    XL:     3   Next: 92%
Gold:   50         EV: 15    Int: 18    God:
                   SH:  0    Dex: 13

rFire   + + .      SeeInvis .   j - +4 dagger
rCold   x . .      Faith    .   (no shield)
rNeg    . . .      Spirit   .   l - +0 leather armour
rPois   ∞          Reflect  .   (no helmet)
rElec   .          Harm     .   (no cloak)
rCorr   .          Rampage  .   (no gloves)
Will    .....                   (boots unavailable)
Stlth   +.........              (no amulet)
HPRegen 0.08/turn               f - +4 ring of evasion
MPRegen 0.00/turn               n - +4 ring of protection

@: confused, flying
A: sickness immunity, fire resistance 2, cold vulnerability 1, float, innate
caster, HP casting, extra vitality 1
a: no special abilities


You were on level 3 of the Dungeon.
You visited 1 branch of the dungeon, and saw 3 of its levels.

You collected 50 gold pieces.

Inventory:

Hand Weapons
 b - a +0 dagger
 g - a +1 short sword of venom
 j - a +4 dagger (weapon)
Armour
 a - a +0 robe
 c - a +0 pair of boots
 i - a +0 chain mail
 l - a +0 leather armour (worn)
Jewellery
 f - a +4 ring of evasion (left hand)
 k - a +6 ring of strength
 n - a +4 ring of protection (right hand)
Scrolls
 e - 4 scrolls of identify
 h - a scroll of amnesia
 o - a scroll of enchant armour
Potions
 d - a potion of attraction {unknown}


   Skills:
 + Level 0.2 Armour
 + Level 2.4 Dodging
 + Level 1.6 Stealth
 * Level 3.4 Spellcasting


You couldn't memorise any spells.
You knew the following spells:

 Your Spells              Type           Power      Damage    Failure   Level
a - Foxfire               Conj/Fire      60%        2x1d7     5%          1
b - Scorch                Fire           30%        2d6       9%          2
c - Conjure Flame         Conj/Fire      15%        6-21      17%         3
d - Inner Flame           Hex/Fire       15%        N/A       17%         3
e - Flame Wave            Conj/Fire      15%        2d6       50%         4
f - Magic Dart            Conj           60%        1d6       5%          1
Your spell library was empty.

Dungeon Overview and Level Annotations

Branches:
Dungeon (3/15)

Altars:
Makhleb
Qazlal

Shops:
D:1 [   D:2 [!*


Innate Abilities, Weirdness & Mutations

You are immune to sickness and miasma.
You are immune to poison.
Your flesh is very heat resistant. (rF++)
You are vulnerable to cold. (rC-)
You float through the air rather than walking.
You learn spells naturally, not from books.
Your magical power is your life essence.
You have superior vitality. (+4 MHP)


Message History

The orc wizard casts a spell at you. The puff of flame hits you. You resist.
* * * LOW HITPOINT WARNING * * *
Your foxfire dissipates!
The foxfire hits the orc wizard.
The orc wizard is moderately wounded.
The foxfire hits the orc.
You kill the orc!
The orc priest casts a cantrip, but nothing happens.
The orc wizard completely misses you.
Casting: Foxfire (safe; 5% risk of failure)
Confirm with . or Enter, or press ? or * to list all spells.
You conjure some foxfire!
* * * LOW HITPOINT WARNING * * *
The foxfire hits the orc priest.
The orc priest is lightly wounded.
Something barely misses you.
The orc wizard hits you with a +0 dagger.
* * * LOW HITPOINT WARNING * * *
Your magical contamination has completely faded away.
Casting: Foxfire (safe; 5% risk of failure)
Confirm with . or Enter, or press ? or * to list all spells.
You conjure some foxfire!
* * * LOW HITPOINT WARNING * * *
The foxfire hits something but does no damage.
Something barely misses you. The orc wizard casts a spell at you.
You are confused.
You're too confused to cast spells.
You bump into the rock wall.
The foxfire hits something.
The orc priest hits you but does no damage.
Something hits you.
* * * LOW HITPOINT WARNING * * *
The orc wizard casts a spell at you. You resist with some effort.
You miss something.
The orc priest calls down the wrath of Beogh upon you.
Beogh smites you!
Ouch! That really hurt!
You die...

###.## ..... .. #...# ...
o# #...# ... #.# ### #...#
#_# ..#.... ##...##### #.#
....#
)........######.######....#
............†....)........#
†........##....oo#...#....#
##...######.##.{@#...#....#
#...# #.#....#...######
#...# #.#...##...# #...#
#.#..##..... ##...
#....#.......
###.##.......# .. ##.


You could see an orc priest and an orc wizard.

Vanquished Creatures
  2 worms (D:2)
  A dart slug (D:1)
  2 orcs (D:3)
  4 ball pythons
  An endoplasm (D:1)
  2 giant cockroaches
  3 goblins
  3 hobgoblins (D:1)
  3 jackals (D:2)
  2 quokkas (D:1)
  2 bats
  2 frilled lizards (D:1)
  6 kobolds
  3 rats
36 creatures vanquished.

Vanquished Creatures (others)
  133 foxfires
133 creatures vanquished.

Grand Total: 169 creatures vanquished

Notes
Turn   | Place    | Note
-------+----------+-------------------------------------------
     0 | D:1      | Nyth the Djinni Fire Elementalist began the quest for the
                  | Orb.
     0 | D:1      | Reached XP level 1. HP: 15/15 MP: 0/0
   423 | D:1      | Reached XP level 2. HP: 17/21 MP: 0/0
   481 | D:1      | Found Eluledaw's Armour Boutique.
  1351 | D:1      | Reached skill level 3 in Spellcasting
  1525 | D:1      | Reached XP level 3. HP: 17/25 MP: 0/0
  1525 | D:1      | Learned a level 1 spell: Magic Dart
  2050 | D:2      | Found Licraiv's Distillery.
  2164 | D:2      | Found Opsait Idax's Assorted Antiques.
  2849 | D:2      | Found Giekuter's Antique Armour Emporium.
  3156 | D:3      | Found a burning altar of Makhleb.
  3178 | D:3      | Found a stormy altar of Qazlal.
  3421 | D:3      | Found a faded altar of an unknown god.
  3457 | D:3      | Killed from afar by an orc priest

Illustrated notes

Levels and vault maps discovered:
D:1:      dpeg_arrival_tiny_d, layout_basic, serial_shops, shop,
          kennysheep_pointless_box
D:2:      layout_basic, serial_shops, nicolae_shop_crystal, nicolae_square_shop,
          nicolae_shop_trees
D:3:      layout_loops_cross, mainiacjoe_overflow_large_starburst,
          shapermc_ecumenical_altar_mp_highgroup, nicolae_underground_beach,
          uniq_crazy_yiuf_cottage, uniq_natasha, uniq_grinder

Skill      XL: |  1  2 |
---------------+-------+-----
Spellcasting   | 3 |  3.4
Armour         | |  0.2
Dodging        | |  2.4
Stealth        | |  1.6

Action                   || total
-------------------------++-------
Melee: Unarmed           ||     1
       Short sword       ||     9
       Dagger            ||     1
 Cast: Foxfire           ||    90
       Scorch            ||     3
  Use: Scroll            ||     5
Armor: Robe              ||     3
       Leather armour    ||     2
Dodge: Dodged            ||    25
